 Dungeon Crawl Stone Soup version 0.32-a0-132-g2d33c3cfaf (webtiles) character file.

Game seed: 1987342419030737918

242 jasper the Skirmisher (level 5, -10/29 HPs)
             Began as a Deep Elf Hunter on Feb 10, 2024.
             Mangled by an ice beast (11 damage)
             ... on level 4 of the Dungeon.
             The game lasted 00:03:25 (2877 turns).

jasper the Skirmisher (Deep Elf Hunter)             Turns: 2877, Time: 00:03:25

Health: -10/29     AC:  4    Str:  8    XL:     5   Next: 82%
Magic:  7/7        EV: 12    Int: 14    God:
Gold:   37         SH:  0    Dex: 20    Spells: 2/4 levels left

rFire   . . .        a - +1 shortbow (freeze)
rCold   . . .        (shield currently unavailable)
rNeg    . . .        c - +0 leather armour
rPois   .            (no helmet)
rElec   .            (no cloak)
rCorr   .            (no gloves)
SInv    .            p - +0 pair of boots
Will    .....        (no amulet)
Stlth   ++           (no ring)
HPRegen 0.24/turn    (no ring)
MPRegen 0.10/turn

%: no passive effects
@: no status effects
A: no striking features
a: no special abilities


You were on level 4 of the Dungeon.
You visited 1 branch of the dungeon, and saw 4 of its levels.

You collected 147 gold pieces.
You spent 110 gold pieces at shops.

Inventory:

Hand Weapons
 a - a +1 shortbow of freezing (weapon)
Armour
 c - a +0 leather armour (worn)
 p - a +0 pair of boots (worn)
 r - the +1 leather armour "Cung" {^Drain Str+4 Int+5 Dex-4}
   (You found it on level 4 of the Dungeon)

   Str+4:     It affects your strength (+4).
   Int+5:     It affects your intelligence (+5).
   Dex-4:     It affects your dexterity (-4).
   ^Drain:    It drains your maximum health when unequipped.
Jewellery
 i - a +6 ring of strength
 l - a ring of flight
Scrolls
 b - a scroll of butterflies
 d - a scroll of identify {unknown}
 f - a scroll of enchant weapon
 n - 2 scrolls of revelation
 q - a scroll of enchant armour {unknown}
Potions
 e - 2 potions of enlightenment
 g - a potion of heal wounds {unknown}
 h - 3 potions of degeneration {unknown}
 j - 3 potions of curing
 k - a potion of haste {unknown}
 m - a potion of resistance {unknown}
 o - a potion of berserk rage {unknown}


   Skills:
 - Level 1.5 Fighting
 + Level 9.4 Ranged Weapons
 - Level 2.4 Dodging
 - Level 1.2 Stealth


You had 2 spell levels left.
You knew the following spells:

 Your Spells              Type           Power      Damage    Failure   Level
a - Blink                 Tloc           0%         N/A       54%         2

Your spell library contained the following spells:

 Spells                   Type           Power      Damage    Failure   Level
 Magic Dart               Conj           0%         1d3       38%         1
 Summon Small Mammal      Summ           0%         N/A       38%         1
 Call Imp                 Summ           0%         N/A       54%         2
 Call Canine Familiar     Summ           0%         N/A       77%         3
 Summon Blazeheart Golem  Fire/Summ      0%         N/A       99%         4
 Haunt                    Necr/Summ      0%         N/A       100%        7
 Borgnjor's Revivificati  Necr           0%         N/A       100%        8
 Death's Door             Necr           0%         N/A       100%        9


Dungeon Overview and Level Annotations

Branches:
Dungeon (4/15)
 Temple: D:4-7

Altars:
Qazlal

Shops:
D:2 [   D:4 (!


Message History

The ice beast barely misses you.
Fire: a) +1 shortbow (freeze)
Press: ? - help, Q - select action Shift-Dir - straight line, f/p - ice beast
Aim: an ice beast (heavily wounded, 67% to hit)
You shoot an arrow. The arrow hits the ice beast!
The ice beast is severely wounded.
The ice beast closely misses you.
Fire: a) +1 shortbow (freeze)
Press: ? - help, Q - select action Shift-Dir - straight line, f/p - ice beast
Aim: an ice beast (severely wounded, 67% to hit)
You shoot an arrow. The arrow hits the ice beast!
The ice beast is almost dead.
The ice beast hits you. The ice beast freezes you!
You take 12 damage, and have 17/29 hp.
MASSIVE DAMAGE!!
Fire: a) +1 shortbow (freeze)
Press: ? - help, Q - select action Shift-Dir - straight line, f/p - ice beast
Aim: an ice beast (almost dead, 67% to hit)
You shoot an arrow. The arrow hits the ice beast.
The ice beast is almost dead.
The ice beast hits you. The ice beast freezes you!
* * * LOW HITPOINT WARNING * * *
You take 14 damage, and have 3/29 hp.
MASSIVE DAMAGE!!
Fire: a) +1 shortbow (freeze)
Press: ? - help, Q - select action Shift-Dir - straight line, f/p - ice beast
Aim: an ice beast (almost dead, 67% to hit)
You shoot an arrow. The arrow closely misses the ice beast.
The ice beast closely misses you.
Fire: a) +1 shortbow (freeze)
Press: ? - help, Q - select action Shift-Dir - straight line, f/p - ice beast
Aim: an ice beast (almost dead, 67% to hit)
You shoot an arrow. The arrow barely misses the ice beast.
The ice beast closely misses you.
Fire: a) +1 shortbow (freeze)
Press: ? - help, Q - select action Shift-Dir - straight line, f/p - ice beast
Aim: an ice beast (almost dead, 67% to hit)
You shoot an arrow. The arrow closely misses the ice beast.
The ice beast hits you.
* * * LOW HITPOINT WARNING * * *
The ice beast freezes you!
You die...

##........## ###....###
##....## ######
#.....## #
###....###......#
..###...............##
.....†...............##
#..?...............##
##.Y@...............#
#...................
#.............).....
#........<....).....
#............#......
#..^..........#...##
#.............#..##.
#............ #.....
#.....


You could see an ice beast.

Vanquished Creatures
  A hound (D:4)
  A bombardier beetle (D:4)
  Jessica (D:2)
  Terence (D:2)
  2 adders (D:2)
  4 gnolls
  2 dart slugs
  2 ribbon worms
  An orc (D:4)
  4 ball pythons
  4 bats
  8 endoplasms
  7 giant cockroaches
  6 goblins
  4 hobgoblins
  2 quokkas
  4 frilled lizards
  9 kobolds
  3 rats
66 creatures vanquished.

Notes
Turn   | Place    | Note
-------+----------+-------------------------------------------
     0 | D:1      | jasper the Deep Elf Hunter began the quest for the Orb.
     0 | D:1      | Reached XP level 1. HP: 12/12 MP: 3/3
   125 | D:1      | Found a faded altar of an unknown god.
   246 | D:1      | Reached skill level 6 in Ranged Weapons
   246 | D:1      | Reached XP level 2. HP: 14/16 MP: 4/4
  1050 | D:2      | Noticed Jessica
  1056 | D:2      | Killed Jessica
  1057 | D:2      | Reached skill level 7 in Ranged Weapons
  1057 | D:2      | Reached XP level 3. HP: 20/20 MP: 5/5
  1234 | D:2      | Found Ilonarche's Armour Shoppe.
  1255 | D:2      | Reached XP level 4. HP: 25/25 MP: 6/6
  1366 | D:2      | Learned a level 2 spell: Blink
  1528 | D:3      | Noticed Terence
  1537 | D:2      | Killed Terence
  1538 | D:2      | Reached skill level 8 in Ranged Weapons
  1617 | D:3      | Reached XP level 5. HP: 29/29 MP: 7/7
  1734 | D:3      | Found a stormy altar of Qazlal.
  2335 | D:4      | Found Ruhe's Antique Weapon Shop.
  2374 | D:4      | Found Toisiull's Distillery.
  2379 | D:4      | Reached skill level 9 in Ranged Weapons
  2385 | D:4      | Bought a potion of curing for 30 gold pieces
  2385 | D:4      | Bought a potion of curing for 30 gold pieces
  2385 | D:4      | Bought a potion of enlightenment for 50 gold pieces
  2533 | D:4      | Identified the +1 leather armour "Cung" {^Drain Str+4 Int+5
                  | Dex-4}
  2863 | D:4      | Noticed an ice beast
  2877 | D:4      | HP: 1/29 [ice beast (3)]
  2877 | D:4      | Mangled by an ice beast

Illustrated notes

Levels and vault maps discovered:
D:1:      dpeg_arrival_round_c, layout_basic, dreamdust_ecumenical_altar_grove,
          serial_bayou_pond_a
D:2:      layout_basic, serial_shops, shop, hangedman_decor_points, uniq_jessica
D:3:      layout_loops_ring, nicolae_qazlal_scattered_showers, uniq_terence
D:4:      layout_cave_pods, zin_angel, serial_shops,
          nicolae_shop_tiny_waterfront, nicolae_shop_industrial_runoff, shop,
          st_stairs_13

Skill      XL: |  1  2  3  4  5 |
---------------+----------------+-----
Ranged Weapons | 6 7 8 9 |  9.4
Fighting       | |  1.5
Dodging        | |  2.4
Stealth        | |  1.2

Action                     |  1- 3 |  4- 6 || total
---------------------------+-------+-------++-------
   Fire: Shortbow          |    80 |    88 ||   168
    Use: Scroll            |       |     5 ||     5
 Armour: Leather armour    |    14 |     9 ||    23
  Dodge: Dodged            |     8 |    15 ||    23

Table legend: (Time is in decaauts)
 A = Elapsed time spent in this place.
 B = Non-inter-level travel time spent in this place.
 C = Inter-level travel time spent in this place.
 D = Time resting spent in this place.
 E = Time spent auto-exploring this place.
 F = Levels seen in this place.
 G = Mean time per level.
                   A        B        C        D        E       F      G
               +--------+--------+--------+--------+--------+-----+--------+
         Total |   2891 |   2758 |    133 |    211 |   2219 |   4 |  722.8 |
       Dungeon |   2891 |   2758 |    133 |    211 |   2219 |   4 |  722.8 |
               +--------+--------+--------+--------+--------+-----+--------+

Top non-repeatable levels by time:
     D:1: 888 daAuts
     D:2: 719 daAuts
     D:3: 677 daAuts
     D:4: 605 daAuts
